 Dungeon Crawl Stone Soup version 0.30-a0-591-g3c58d2bc28 (webtiles) character file.

Game seed: 10695831769711110814

876 flotson the Sneak (level 7, -3/57 HPs)
             Began as a Demonspawn Delver on Jan 5, 2023.
             Succumbed to a gnoll's poison
             ... on level 6 of the Dungeon.
             The game lasted 00:07:24 (4754 turns).

flotson the Sneak (Demonspawn Delver)               Turns: 4754, Time: 00:07:25

Health: -3/57      AC:  8    Str: 15    XL:     7   Next: 74%
Magic:  2/7        EV: 11    Int: 11    God:
Gold:   232        SH:  4    Dex: 14    Spells: 6/6 levels left

rFire   . . .      SeeInvis +    D - +2 hand axe (heavy)
rCold   . . .      Faith    .    s - +0 buckler
rNeg    . . .      Spirit   +    l - +0 ring mail
rPois   .          Reflect  .    (helmet unavailable)
rElec   .          Harm     .    (no cloak)
rCorr   +          Rampage  .    (no gloves)
Will    +....                    G - +0 pair of boots
Stlth   ++                       A - amulet of guardian spirit
HPRegen 0.29/turn                b - ring of resist corrosion
MPRegen 0.10/turn                e - ring of willpower

@: lethally poisoned (-3 -> -31)
A: antennae 3, rugged brown scales 2
a: no special abilities


You were on level 6 of the Dungeon.
You visited 1 branch of the dungeon, and saw 6 of its levels.

You collected 307 gold pieces.
You spent 75 gold pieces at shops.

Inventory:

Hand Weapons
 D - a +2 heavy hand axe (weapon)
Missiles
 a - 8 boomerangs
 n - 12 poisoned darts (quivered)
 w - 6 silver javelins
Armour
 l - a +0 ring mail (worn)
 s - a +0 buckler (worn)
 G - a +0 pair of boots (worn)
Jewellery
 b - a ring of resist corrosion (left hand)
 e - a ring of willpower (right hand)
 r - a ring of ice
 A - an amulet of guardian spirit (around neck)
Wands
 g - a wand of digging (3)
 E - a wand of flame (32)
Scrolls
 c - a scroll of fog
 d - a scroll of magic mapping
 f - a scroll of acquirement {unknown}
 k - 2 scrolls of enchant weapon {unknown}
 o - 2 scrolls of blinking {unknown}
 p - 5 scrolls of teleportation {unknown}
 q - 12 scrolls of identify {unknown}
 v - a scroll of torment {unknown}
 x - a scroll of poison {unknown}
 y - a scroll of enchant armour {unknown}
 B - a scroll of butterflies {unknown}
 F - a scroll of vulnerability {unknown}
 H - a scroll of fear
Potions
 h - 2 potions of heal wounds {unknown}
 i - a potion of berserk rage {unknown}
 j - 2 potions of mutation {unknown}
 m - a potion of invisibility {unknown}
 t - a potion of resistance {unknown}
 u - 2 potions of curing {unknown}
 z - 2 potions of magic {unknown}
 C - a potion of attraction {unknown}


   Skills:
 + Level 4.4 Fighting
 + Level 3.4 Axes
 + Level 2.5 Throwing
 + Level 2.6 Armour
 + Level 3.3 Dodging
 - Level 5.0 Stealth
 + Level 2.5 Shields
 + Level 2.9 Evocations


You had 6 spell levels left.
You didn't know any spells.
Your spell library contained the following spells:

 Spells                   Type           Power      Damage    Failure   Level
 Summon Small Mammal      Summ           0%         N/A       65%         1
 Ensorcelled Hibernation  Hex/Ice        0%         N/A       80%         2
 Passwall                 Tmut/Erth      0%         N/A       80%         2
 Sublimation of Blood     Necr           0%         N/A       80%         2
 Wereblood                Tmut           0%         N/A       80%         2
 Call Canine Familiar     Summ           0%         N/A       95%         3
 Summon Guardian Golem    Hex/Summ       0%         N/A       95%         3
 Swiftness                Air            0%         N/A       95%         3
 Vhi's Electric Charge    Tloc/Air       0%         N/A       95%         3
 Arcjolt                  Conj/Air       0%         1d10      100%        5
 Summon Hydra             Summ           0%         N/A       100%        7
 Maxwell's Capacitive Co  Air            0%         ∞         100%        8


Dungeon Overview and Level Annotations

Branches:
Dungeon (6/15)
 Temple: D:4-7

Altars:

Shops:
D:1 *


Innate Abilities, Weirdness & Mutations

You have a pair of large antennae on your head. (SInv)
You are mostly covered in rugged brown scales. (AC +2, +5% HP)


Message History

You kill the gnoll!
The gnoll hits you with a +0 flail.
You closely miss the gnoll. The gnoll hits you with a +0 flail. x2
You slash the gnoll!
You kill the gnoll!
Your life force feels restored.
You hit the gnoll.
The gnoll is moderately wounded.
You block the gnoll's attack. The gnoll hits you but does no damage.
You are poisoned.
You slash the gnoll!
The gnoll is almost dead.
You feel very sick. The gnoll hits you but does no damage.
You are more poisoned.
The gnoll hits you with a +3 flail of venom.
You are too injured to fight recklessly!
You are too injured to fight recklessly!
You are too injured to fight recklessly!
You are too injured to fight recklessly!
You are too injured to fight recklessly!
You are too injured to fight recklessly!
You are too injured to fight recklessly!
You hit the gnoll but do no damage.
The gnoll is almost dead.
You feel very sick.
The gnoll hits you with a +3 flail of venom.
You are lethally poisoned!
You block the gnoll's attack.
You barely miss the gnoll.
The gnoll is almost dead.
* * * LOW HITPOINT WARNING * * *
You feel extremely sick.
The gnoll hits you with a +3 flail of venom.
* * * LOW HITPOINT WARNING * * *
You are more poisoned.
The gnoll barely misses you.
You hit the gnoll.
You kill the gnoll!
You die...

.. ... #.#.... #.#... .
##.#.##.# .......# ##.#.)..#
###########.######...##.###.
.......<.##....)@..#........
########.#########...#
#...........# ##.## {
#.######.##.# #.# # #.##.#
#)# . #.##.# #.# . #.##.#
#.# ##.##.#######.#
#..##.........#


There were no monsters in sight!

Vanquished Creatures
  2 water moccasins (D:6)
  A black bear (D:4)
  An ogre (D:5)
  2 wights (D:6)
  An orc priest (D:4)
  A hound (D:4)
  3 iguanas
  2 orc wizards
  4 gnolls (D:6)
  8 adders
  A white imp (D:5)
  2 worms (D:2)
  3 dart slugs
  13 orcs
  5 ball pythons
  6 bats
  9 endoplasms
  3 giant cockroaches
  5 goblins
  7 hobgoblins
  5 jackals
  4 kobolds
  A quokka (D:3)
  A frilled lizard (D:1)
  A rat (D:1)
91 creatures vanquished.

Vanquished Creatures (others)
  29 plants (D:4)
29 creatures vanquished.

Grand Total: 120 creatures vanquished

Notes
Turn   | Place    | Note
-------+----------+-------------------------------------------
     0 | D:5      | flotson the Demonspawn Delver began the quest for the Orb.
     0 | D:5      | Reached XP level 1. HP: 18/18 MP: 1/1
     7 | D:5      | Noticed an iguana
   139 | D:5      | Gained mutation: You are partially covered in rugged brown
                  | scales. (AC +1, +3% HP) [demonic ancestry]
   139 | D:5      | Reached XP level 2. HP: 8/24 MP: 2/2
   473 | D:2      | Reached skill level 1 in Evocations
   473 | D:2      | Gained mutation: You have a pair of small antennae on your
                  | head. [demonic ancestry]
   473 | D:2      | Reached XP level 3. HP: 9/29 MP: 3/3
   612 | D:1      | Found Ciddily's Assorted Antiques.
   621 | D:1      | Reached skill level 1 in Armour
   785 | D:1      | Reached XP level 4. HP: 35/36 MP: 4/4
   974 | D:1      | Bought a murky orange potion for 23 gold pieces
   974 | D:1      | Bought a scroll labelled JIVEUT YHEKH for 26 gold pieces
   974 | D:1      | Bought a scroll labelled JAL ECUYLA for 26 gold pieces
  1276 | D:2      | Reached skill level 1 in Throwing
  2561 | D:4      | Reached skill level 1 in Shields
  2561 | D:4      | Gained mutation: You have a pair of antennae on your head.
                  | [demonic ancestry]
  2561 | D:4      | Reached XP level 5. HP: 39/42 MP: 5/5
  2778 | D:4      | Reached skill level 5 in Stealth
  2788 | D:4      | HP: 2/42 [something/puff of flame (5)]
  3184 | D:4      | Noticed a black bear
  3190 | D:4      | Killed a black bear
  3191 | D:4      | Gained mutation: You have a pair of large antennae on your
                  | head. (SInv) [demonic ancestry]
  3191 | D:4      | Reached XP level 6. HP: 21/49 MP: 3/6
  4013 | D:5      | Gained mutation: You are mostly covered in rugged brown
                  | scales. (AC +2, +5% HP) [demonic ancestry]
  4013 | D:5      | Reached XP level 7. HP: 19/56 MP: 3/7
  4754 | D:6      | Succumbed to a gnoll's poison

Illustrated notes

Levels and vault maps discovered:
D:1:      lemuel_arrival_broad_hall, layout_rooms, serial_shops,
          nicolae_shop_waterfront
D:2:      layout_basic
D:3:      layout_basic, serial_aquarium, aquarium_bridge_square
          [aquarium_subvault_bridge, aquarium_subvault_bridge,
          aquarium_subvault_wall, aquarium_subvault_window], aquarium_window_1,
          aquarium_window_corner, aquarium_window_1, aquarium_view_2d,
          aquarium_pool_five
D:4:      layout_loops_cross, serial_bayou_lagoon_a
D:5:      layout_basic
D:6:      layout_loops_ring, minivault_23

Skill      XL: |  1  2  3  4  5  6  7 |
---------------+----------------------+-----
Axes           | 2 3 |  3.4
Dodging        | 2 3 |  3.3
Evocations     | 1 2 |  2.9
Armour         | 1 2 |  2.6
Throwing       | 1 2 |  2.5
Shields        | 1 2 |  2.5
Stealth        | 5 |  5.0
Fighting       | 4 |  4.4

Action                   |  1- 3 |  4- 6 |  7- 9 || total
-------------------------+-------+-------+-------++-------
Melee: Hand axe          |   109 |   192 |    41 ||   342
Throw: Dart              |       |     2 |       ||     2
  Use: Scroll            |       |     1 |       ||     1
       Potion            |       |     1 |       ||     1
 Stab: Sleeping          |     5 |     9 |     2 ||    16
       Distracted        |       |     2 |       ||     2
Armor: Leather armour    |     4 |       |       ||     4
       Ring mail         |    44 |    85 |    10 ||   139
Dodge: Dodged            |    85 |   103 |    19 ||   207
Block: Buckler           |     6 |    34 |    13 ||    53

Table legend: (Time is in decaauts)
 A = Elapsed time spent in this place.
 B = Non-inter-level travel time spent in this place.
 C = Inter-level travel time spent in this place.
 D = Time resting spent in this place.
 E = Time spent auto-exploring this place.
 F = Levels seen in this place.
 G = Mean time per level.
                   A        B        C        D        E       F      G
               +--------+--------+--------+--------+--------+-----+--------+
         Total |   4898 |   4728 |    170 |    155 |   3551 |   6 |  816.3 |
       Dungeon |   4898 |   4728 |    170 |    155 |   3551 |   6 |  816.3 |
               +--------+--------+--------+--------+--------+-----+--------+

Top non-repeatable levels by time:
     D:4: 1133 daAuts
     D:5: 1103 daAuts
     D:3: 818 daAuts
     D:2: 806 daAuts
     D:1: 519 daAuts
     D:6: 517 daAuts
